Unix NetHack Version 5.0.0-0 post-release - last build May 23 2026 06:08:33 (1c0ff79ee797540d5714e4e18072db0edd9e58ae,branch:main).

Game began 2026-05-22 04:50:32, ended 2026-05-24 00:25:46.

CyberFan, lawful male human Knight

 -----------------------------------------------------------------------------
 |.....|}}}}}}}}}.............................................}}}}}}}}}|....0|
 |.---.|}-------}}}}}}}}}}}}}}}}}}}}}}}}}}}}}}}}}}}}}}}}}}}}}}}-------}|.---.|
 |...|.|}|..`..|-----------------------------------------------|.....|}|%.0|<|
 |----.|}|.....-.....................%.........................+.....|}|)---.|
 |.....|}-----------------------------%-------------------------------}.)|)..|
 |.-----}}}}}}|.......|.|.......|...........)..........|........|}}}}}})[%.|.|
 |...|.......}|.......|.|.......|...........|..........|........|}...).[*|^|.|
 |.|.|.|.....}|-----------------|.%........%|----------|........|;......--.|.|
 |.|...|......+............................@-...%)..)..-....{....%@......[)|.|
 |.|---|.....}|-----------------|.%.........|----------|........|;.......--|.|
 |.|...|.....}|.......|.|.......|...........|..........|........|}.....[.|.|.|
 |.---.|}}}}}}|.......|.|.......|...........+..........|........|}}}}}}--|.|.|
 |.....|}-----------------------------.-------------------------------}|.|0.0|
 |----.|}|.....-...............................................+.....|}|.|.--|
 |...|.|}|.....|-----------------------------------------------|.....|}|0..|0|
 |.---.|}-------}}}}}}}}}}}}}}}}}}}}}}}}}}}}}}}}}}}}}}}}}}}}}}}-------}|.---.|
 |.....|}}}}}}}}}.............................................}}}}}}}}}|0.".*|
 -----------------------------------------------------------------------------
CyberFan the Sergeant    St:18/02 Dx:14 Co:17 In:8 Wi:16 Ch:18  Lawful
Dlvl:28 $:1370 HP:0(91) Pw:108(108) AC:-13 Xp:12/33637 T:22133 

Latest messages:
 The chest is empty.
 You hit the soldier!
 You kill the soldier!
 The shark bites!
 You hit the shark!
 You hit the shark!
 The shark bites!
 You kill the shark!
 Your knapsack cannot accommodate any more items.
 You hit the sergeant!
 You hit the sergeant!
 The sergeant swings his flail.
 The sergeant just misses!
 The shark bites!
 You hit the sergeant!
 The sergeant picks up an elven dagger.
 The shark bites!
 It misses!
 It misses!
 You kill the sergeant!
 But wait...
 The sergeant's medallion begins to glow!
 The sergeant looks much better!
 The medallion crumbles to dust!
 You see the shark dive under the water.
 You hit the sergeant!
 You hit the sergeant!
 You hit the sergeant!
 The sergeant swings his flail.
 The sergeant misses!
 You kill the sergeant!
 Your knapsack cannot accommodate any more items.
 There are several objects here.
 It misses!
 The giant eel brushes against your leg.
 It misses!
 The giant eel brushes against your leg.
 Your knapsack cannot accommodate any more items.
 The giant eel bites!
 The giant eel swings itself around you!
 The giant eel misses!
 The giant eel misses!
 You cannot escape from the giant eel!
 The giant eel bites!
 The giant eel misses!
 The giant eel misses!
 The giant eel misses!
 You cannot escape from the giant eel!
 The giant eel bites!
 The giant eel drowns you...

Inventory:
 Coins    ('$')
  $ - 1370 gold pieces
 Amulets  ('"')
  J - an uncursed amulet of reflection (being worn)
 Weapons  (')')
  a - the blessed rustproof +3 Excalibur (weapon in right hand)
  n - an uncursed +0 silver saber
 Armor    ('[')
  N - an uncursed +0 helmet (being worn)
  f - an uncursed +0 pair of leather gloves (being worn)
  E - a blessed fireproof +2 pair of speed boots (being worn)
  j - a blessed +4 elven shield (being worn)
  U - a cursed +0 shield of reflection
  w - an uncursed +0 elven cloak (being worn)
  F - a blessed greased +2 gray dragon scale mail (being worn)
 Comestibles  ('%')
  z - 3 uncursed C-rations
  H - 5 uncursed K-rations
  d - 2 uncursed eggs
  W - an uncursed lizard corpse
 Scrolls  ('?')
  v - a blessed scroll of create monster
  s - an uncursed scroll of create monster
  t - a cursed scroll of enchant armor
  V - an uncursed scroll of remove curse
 Rings    ('=')
  e - an uncursed ring of fire resistance
  k - an uncursed ring of free action (on left hand)
  R - an uncursed ring of levitation
  u - a blessed +1 ring of protection
  q - an uncursed ring of stealth (on right hand)
 Wands    ('/')
  G - an uncursed wand of digging (0:5)
  m - an uncursed wand of digging (0:1)
  C - an uncursed wand of digging (0:0)
  D - an uncursed wand of lightning (0:2)
  P - an uncursed wand of magic missile (0:6)
  Y - an uncursed wand of magic missile (0:6)
  Z - an uncursed wand of magic missile (0:5)
  p - an uncursed wand of make invisible (0:5)
  h - an uncursed wand of opening (0:4)
  b - an uncursed wand of probing (0:7)
  M - an uncursed wand of slow monster (0:5)
  T - an uncursed wand of stasis (0:4)
  c - an uncursed wand of striking (0:2)
 Tools    ('(')
  g - a blessed greased bag of holding containing 34 items
  O - an empty uncursed sack
  S - an uncursed can of grease (0:6)
  B - a cursed crystal ball (0:7)
  l - a blessed oil lamp
  r - an uncursed skeleton key
  x - an uncursed towel
  A - an uncursed +0 unicorn horn
 Gems/Stones  ('*')
  Q - 4 uncursed agate stones
  o - 2 uncursed citrine stones
  K - 2 uncursed rubies
  i - 2 uncursed worthless pieces of black glass
  X - 6 uncursed worthless pieces of red glass
  y - an uncursed worthless piece of white glass
  L - 4 uncursed worthless pieces of yellow glass
  I - an uncursed luckstone

Contents of the bag of holding:
  an uncursed amulet of magical breathing
  3 uncursed food rations
  an uncursed scroll of amnesia
  an uncursed scroll of confuse monster
  a blessed scroll of create monster
  5 uncursed scrolls of create monster
  a cursed scroll of create monster
  a blessed scroll of destroy armor
  2 uncursed scrolls of destroy armor
  a cursed scroll of destroy armor
  a blessed scroll of enchant weapon
  3 uncursed scrolls of gold detection
  2 cursed scrolls of identify
  a blessed scroll of light
  an uncursed scroll of light
  2 uncursed scrolls of remove curse
  an uncursed scroll of stinking cloud
  2 uncursed scrolls of teleportation
  an uncursed potion of confusion
  an uncursed potion of gain ability
  a blessed potion of gain energy
  an uncursed potion of gain level
  a cursed potion of hallucination
  2 uncursed potions of invisibility
  an uncursed potion of monster detection
  an uncursed potion of object detection
  a cursed potion of see invisible
  3 potions of holy water
  an uncursed +2 ring of adornment
  a cursed ring of conflict
  an uncursed ring of fire resistance
  a blessed +2 ring of increase accuracy
  an uncursed ring of searching
  an uncursed ring of see invisible

CyberFan the Knight's attributes:

Background:
 You were a Sergeant, a level 12 male human Knight.
 You were lawful, on a mission for Lugh
 who was opposed by Brigit (neutral) and Manannan Mac Lir (chaotic).
 You were right-handed.
 You were in the Dungeons of Doom, on level 28.
 You entered the dungeon 22133 turns ago.
 It was the midnight hour.
 You had 33637 experience points, 6363 more were needed to attain level 13.

Basics:
 You had 0 out of 91 hit points.
 You had all 108 energy points (spell power).
 Your armor class was -13.
 Your wallet contained 1370 zorkmids.
 Autopickup was on for '$%?!"=/*', with exceptions.

Final Characteristics:
 Your strength was 18/02 (limit:18/100).
 Your dexterity was 14 (limit:18).
 Your constitution was 17 (limit:18).
 Your intelligence was 8 (limit:18).
 Your wisdom was 16 (limit:18).
 Your charisma was 18 (limit:18).

Final Status:
 You were held by a giant eel (northwest).
 You weren't hungry.
 You were unencumbered.
 You were wielding a long sword.
 You had expert skill with long sword.

Final Attributes:
 You were piously aligned.
 You were magic-protected.
 You were cold resistant.
 You were poison resistant.
 You were level-drain resistant.
 You were telepathic.
 You had automatic searching.
 You were stealthy.
 You could jump.
 You were warded.
 You were very fast.
 You had reflection.
 You had free action.
 You were lucky.
 You had extra luck.
 Bad luck did not time out for you.
 Good luck did not time out for you.
 You are dead.

Miscellaneous:
 You disabled loading and storing of bones levels.
 Total elapsed playing time was 4 hours, 9 minutes and 35 seconds.

Major events:
 Turn
    1: CyberFan the lawful male human Knight entered the dungeon
  719: entered the Gnomish Mines
 1130: attained the rank of Esquire (level 3)
 4100: attained the rank of Bachelor (level 6)
 4128: was given Excalibur by the Lady of the Lake
 5362: reached Mine Town
 6108: made his first wish - "blessed greased +2 gray dragon scale mail", got "a greased gray dragon scale mail"
 6930: entered Sokoban
 7184: completed 1st Sokoban level
 7650: entered the Bigroom
 8703: was bestowed with Sunsword by Lugh
 9936: wished for "blessed fireproof +2 pair of speed boots", got "a pair of mud boots"
10541: completed 2nd Sokoban level
10973: completed 3rd Sokoban level
11758: completed 4th Sokoban level
11799: attained the rank of Sergeant (level 10)
12273: acquired the Sokoban bag of holding
18256: acquired the Mines' End luckstone
20906: killed Medusa
22133: drowned in a moat by a giant eel

Spells:
 Name                 Level Category     Fail Retention
 stone to flesh         3   healing      100%   51%-75%
 knock                  1   matter        98%   51%-75%

Skills:
 Fighting Skills
   bare handed combat [Unskilled]
   two weapon combat  [Unskilled]
   riding             [Basic]
 Weapon Skills
   dagger             [Unskilled]
   knife              [Unskilled]
   axe                [Unskilled]
   pick-axe           [Unskilled]
   short sword        [Unskilled]
   broadsword         [Unskilled]
   long sword         [Expert]
   two-handed sword   [Unskilled]
   saber              [Unskilled]
   club               [Unskilled]
   mace               [Unskilled]
   morning star       [Unskilled]
   flail              [Unskilled]
   hammer             [Unskilled]
   polearms           [Unskilled]
   spear              [Unskilled]
   trident            [Unskilled]
   lance              [Skilled]
   bow                [Unskilled]
   crossbow           [Unskilled]
 Spellcasting Skills
   attack spells      [Unskilled]
   healing spells     [Unskilled]
   clerical spells    [Unskilled]

Voluntary challenges:
 Character rerolling was not enabled.
 You never genocided any monsters.
 You never polymorphed an object.
 You never changed form.
 You used 2 wishes.
 You did not wish for any artifacts.
 You violated the special Sokoban rules 9 times.
Achievements:
 You entered the Gnomish Mines.
 You entered a shop.
 You attained the rank of Esquire.
 You attained the rank of Bachelor.
 You entered Minetown.
 You entered a temple.
 You entered Sokoban.
 You entered the Big Room.
 You attained the rank of Sergeant.
 You completed Sokoban.
 You completed the Gnomish Mines.
 You defeated Medusa.

 The Dungeons of Doom: levels 1 to 28
    Level 1:
    Level 2:
       An altar.
    Level 3:
       An altar, a sink.
       Stairs down to The Gnomish Mines.
    Level 4:
       A general store.
    Level 5:
       Many altars.
    Level 6:
    Level 7:
       A general store.
    Level 8:
    Level 9:
       Many fountains.
    Level 10:
       Stairs up to Sokoban, level 9.
    Level 11:
    Level 12:
       A very big room.
    Level 13:
    Level 14:
       A fountain.
    Level 15:
       A primitive area.
    Level 16:
       A temple and an altar, a fountain.
       Summoned by King Arthur.
    Level 17:
    Level 18:
    Level 19:
    Level 20:
    Level 21:
       A grave.
    Level 22:
       A fountain, a grave.
    Level 23:
       A fountain.
    Level 24:
       A fountain, a sink.
    Level 25:
       A fountain.
    Level 26:
       Many trees.
    Level 27:
    Level 28: <- You were here.
       A fountain.
       The castle.
       Final resting place for
          you, drowned in a moat by a giant eel.
 The Gnomish Mines: levels 4 to 11
    Level 4:
    Level 5:
    Level 6:
    Level 7:
       Many shops, a temple and an altar, some fountains.
    Level 8:
    Level 9:
    Level 10:
    Level 11:
 Sokoban: levels 9 up to 6
    Level 6:
       Solved.
    Level 7:
       Solved.
    Level 8:
       Solved.
    Level 9:
       Solved.


Vanquished creatures:
    Medusa
  a minotaur
  a baluchitherium
  a stone golem
  a titanothere
  a guardian naga
  a captain
  3 liches
  a clay golem
  a nurse
  2 ettins
  a lieutenant
  4 queen bees
  3 giant mimics
  2 zruties
  6 ice trolls
  9 rock trolls
  3 umber hulks
  a flesh golem
  3 stalkers
 an air elemental
  3 earth elementals
  a hill giant
  a giant mummy
  3 xorns
  a giant zombie
  5 elf-nobles
  a sergeant
  a warg
  3 winter wolves
  a small mimic
  4 warhorses
  3 xans
 an ettin mummy
  7 ogre leaders
  5 quantum mechanics
  a wood golem
  a shark
  2 gelatinous cubes
  2 pyrolisks
  a freezing sphere
  a flaming sphere
  3 shocking spheres
  a large cat
  2 tigers
  3 gargoyles
  a tengu
 an ochre jelly
  2 leocrottas
 an energy vortex
  a stone giant
  a human mummy
  a red naga
  a python
  2 wraiths
 an ettin zombie
  9 Grey-elves
 14 soldiers
 an amorous demon
  2 chameleons
  2 giant beetles
  2 quivering blobs
  5 cockatrices
 14 wolves
  8 winter wolf cubs
  a lynx
  a panther
  4 gremlins
 21 leprechauns
 an iron piercer
  2 mumakil
  3 giant spiders
  3 scorpions
  a horse
  3 ice vortices
  2 vampire bats
  4 gnome rulers
  3 orc mummies
  2 brown puddings
  4 rust monsters
  2 owlbears
  2 yetis
  a gold golem
  5 werewolves
  a Green-elf
  6 lizards
  2 chickatrices
  4 dingoes
  a dog
  2 housecats
  2 jaguars
  a blue jelly
  a gray unicorn
  3 black unicorns
  4 dust vortices
 13 ravens
  a plains centaur
  a gnome mummy
  2 snakes
  2 water moccasins
  3 apes
  7 human zombies
  4 Woodland-elves
  3 soldier ants
  3 fire ants
  4 bugbears
  2 imps
  a quasit
  3 wood nymphs
  a water nymph
  2 mountain nymphs
  a Mordor orc
  2 orc shamans
  3 rock piercers
  3 rock moles
  a pony
  3 fog clouds
 11 yellow lights
  a shrieker
  a violet fungus
 14 gnome leaders
  4 gnomish wizards
  3 kobold mummies
  2 gray oozes
  9 elf zombies
  4 ghouls
  2 straw golems
  8 giant ants
  3 little dogs
  6 floating eyes
  3 kittens
  4 dwarves
  7 homunculi
  2 kobold leaders
  3 hill orcs
  7 rothes
  a rabid rat
  4 centipedes
  2 giant bats
  a monkey
  5 orc zombies
  5 dwarf zombies
  3 wererats
  a werejackal
  8 iguanas
 60 killer bees
  4 acid blobs
  6 coyotes
  a gas spore
  3 large kobolds
  7 hobgoblins
  6 giant rats
  a cave spider
  a yellow mold
  a green mold
  a red mold
 48 gnomes
  2 garter snakes
 10 geckos
  4 jackals
  2 foxes
  a kobold
  2 goblins
  4 sewer rats
  4 grid bugs
  5 bats
  8 lichens
  2 kobold zombies
 11 newts
648 creatures vanquished.

No species were genocided or became extinct.

Game over:
                       ----------
                      /          \
                     /    REST    \
                    /      IN      \
                   /     PEACE      \
                  /                  \
                  |     CyberFan     |
                  |     1370 Au      |
                  |   drowned in a   |
                  | moat by a giant  |
                  |       eel        |
                  |                  |
                  |       2026       |
                 *|     *  *  *      | *
        _________)/\\_//(\/(/\)/\//\/|_)_______

Fare thee well CyberFan the Knight...

You drowned in The Dungeons of Doom on dungeon level 28 with 145161 points,
and 1370 pieces of gold, after 22133 moves.
You were level 12 with a maximum of 91 hit points when you drowned.

